 Dungeon Crawl Stone Soup version 0.30-a0-591-g3c58d2bc28 (webtiles) character file.

Game seed: 12733237312777164112

1778 kae the Changer (level 8, -7/67 HPs)
             Began as a Demonspawn Transmuter on Jan 5, 2023.
             Killed by divine providence
             ... invoked by an orc priest
              (14 damage)
             ... on level 6 of the Dungeon.
             The game lasted 00:08:20 (5933 turns).

kae the Changer (Demonspawn Transmuter)             Turns: 5933, Time: 00:08:20

Health: -7/67      AC:  7    Str: 10    XL:     8   Next: 81%
Magic:  21/21      EV: 10    Int: 18    God:
Gold:   310        SH:  0    Dex: 13    Spells: 3/13 levels left

rFire   x . .      SeeInvis .      - Unarmed
rCold   + + +      Faith    .    (shield currently unavailable)
rNeg    . . .      Spirit   .    (body armour currently unavailable)
rPois   +          Reflect  .    (helmet currently unavailable)
rElec   .          Harm     .    (cloak currently unavailable)
rCorr   .          Rampage  .    (gloves currently unavailable)
Will    .....                    (boots currently unavailable)
Stlth   +                        (no amulet)
HPRegen 0.31/turn                W - ring of magical power
MPRegen 0.17/turn                (no ring)

@: ice-form, wereblooded
A: freezing attack, amphibious, boosted hp, large, rugged brown scales 2,
demonic guardian 1, (spiny 1)
a: End Transformation


You were on level 6 of the Dungeon.
You were a creature of crystalline ice.
You visited 2 branches of the dungeon, and saw 7 of its levels.

You collected 310 gold pieces.


Innate Abilities, Weirdness & Mutations

You are a creature of crystalline ice.
You have a powerful freezing melee attack.
You are amphibious.
Your maximum health is increased.
Your armour is entirely melded.
You are incapable of wielding weapons or throwing items.
(You are mostly covered in rugged brown scales. (AC +2, +5% HP))
A weak demonic guardian rushes to your aid.
((You are partially covered in sharp spines.))


   Skills:
 - Level 1.0 Fighting
 - Level 1.7 Dodging
 + Level 5.6 Unarmed Combat
 - Level 3.0 Spellcasting
 * Level 7.2 Transmutations
 - Level 5.0 Ice Magic
 - Level 1.5 Poison Magic


You had 3 spell levels left.
You knew the following spells:

 Your Spells              Type           Power      Damage    Failure   Level
a - Beastly Appendage     Tmut           56%        N/A       1%          1
b - Wereblood             Tmut           28%        N/A       1%          2
c - Spider Form           Tmut/Pois      18%        N/A       9%          3
d - Ice Form              Ice/Tmut       24%        N/A       13%         4

Your spell library contained the following spells:

 Spells                   Type           Power      Damage    Failure   Level
 Slow                     Hex            8%         N/A       16%         1
 Ignite Poison            Fire/Tmut/Pois 13%        N/A       16%         3
 Confusing Touch          Hex            2%         N/A       43%         3
 Kindle Blastsparks       Fire/Tloc/Air  4%         2d10      43%         3
 Vampiric Draining        Necr           2%         2d6       43%         3
 Freezing Cloud           Conj/Ice/Air   4%         6-21      93%         5

Inventory:

Missiles
 c - 11 boomerangs
 e - 40 stones
 k - 11 poisoned darts
 l - a throwing net {=f!f}
Armour
 a - a +1 robe (melded)
Magical Staves
 i - a staff of fire {!a}
   (You found it on level 5 of the Dungeon)
 s - a staff of air {!a}
   (You found it on level 4 of the Dungeon)
Jewellery
 W - a ring of magical power (left front paw)
   (You found it on level 5 of the Dungeon)
Wands
 o - a wand of polymorph (3)
   (You took it off an orc on level 6 of the Dungeon)
Scrolls
 h - a scroll of vulnerability {!r!r}
 n - a scroll of immolation {!r!r}
 q - a scroll of teleportation {@r4}
Potions
 b - a potion of lignification {!q}
 d - 2 potions of invisibility
 f - 4 potions of haste {@q3}
 g - 2 potions of brilliance
 j - a potion of berserk rage {!q}
 m - a potion of cancellation
 p - 2 potions of curing {@q1}

Dungeon Overview and Level Annotations

Branches:
Dungeon (6/15) Zot: 26429  Temple (1/1) D:5 Zot: 5632

Altars:
Cheibriados
Hepliaklqana
Makhleb
Nemelex Xobeh
Okawaru
Qazlal
Sif Muna
Trog
Vehumet
Yredelemnul

Shops:
D:4

[([ #######
.......####################
.≈.###.....................
.[............#.##.....###.
..≈.##........#.5oo.......o
.....#........#.Y#{....###o
.§.≈..........#..#.....#
..............#..###.###
≈...≈.....[...#..# .#
..≈...........#..# .#
≈...≈...##.####..# .#
......<.##.# .... ..
.≈.≈........ ....
........##########


You could see an orc priest (ally target), an orc and a friendly quasit
(summoned).


Message History

You enter the deep water. 😨 HP[+1] 😨 MP[+1] 😨 HP[+1]
A white imp comes into view.
The white imp shouts, "Get thee hence, thou venomed limp-willed bugbear!" 😨 HP[+1] Unknown command.
The white imp gestures at you. The puff of frost hits you. You resist.
* * * LOW HITPOINT WARNING * * *
😨 HP[-1]
You take 1 damage, and now have 28/67 hp. 😨 MP[+1]
Your mp is fully restored (21).
The white imp hits you but does no damage.
You punch the white imp! You freeze the white imp.
You kill the white imp! 😨 HP[+1] 😨 HP[+1] 😨 HP[+1] Unknown command. 😨 HP[+1]
An orc comes into view. It is wielding a +0 dagger.
An orc priest comes into view. It is wielding a +0 hand axe.
The orc priest shouts!
An orc wizard and an orc priest come into view.
The orc wizard shouts!
You hear a shout!
The orc priest shouts! 😨 HP[+1]
The orc shouts! 😮 HP[+1]
Casting: Ice Form (dangerous; 13% risk of failure)
Confirm with . or Enter, or press ? or * to list all spells.
Your blood is infused with primal strength. 😮 HP[+1] MP[-2]
You lost 2 mp, and now have 19/21 mp.
The orc priest invokes the aid of Beogh against you.
Beogh smites you!
* * * LOW HITPOINT WARNING * * *
The orc priest begins to cast a cantrip, but forgets the words!
The orc wizard mumbles some strange words.
The orc wizard flickers and vanishes!
Deactivating autopickup; reactivate with Ctrl-A. 😨 HP[-10]
You take 10 damage, and now have 25/67 hp.
You punch the orc! You freeze the orc.
You feel a bit better.
You kill the orc!
You howl as the wereblood boils in your veins!
The orc priest invokes the aid of Beogh against you.
You struggle to resist. 😨 HP[+2]
You regained 2 hp, and now have 27/67 hp. 😨 HP[+1]
You start resting.
An orc priest is nearby! 😨 MP[+1]
An orc comes into view. It is wielding a +0 trident.
The orc moves out of view.
The orc priest calls down the wrath of Beogh upon you.
Beogh smites you!
* * * LOW HITPOINT WARNING * * *
The orc priest looks satisfied for a moment. 😱 HP[-14]
You take 14 damage, and now have 14/67 hp.
MASSIVE DAMAGE!! (PAUSE) 😱 HP[+1]
You hit the orc priest. You freeze the orc priest. You hit the orc priest.
You freeze the orc priest.
You howl as the wereblood boils in your veins!
The orc priest hits you but does no damage.
You barely miss the orc priest.
The orc priest invokes the aid of Beogh against you.
Pain shoots through your body!
* * * LOW HITPOINT WARNING * * *
A demonic guardian appears! 😱 HP[-9] MP[+1]
You take 9 damage, and now have 6/67 hp.
Your mp is fully restored (21).
You punch the orc priest! You freeze the orc priest.
You feel a bit better.
You kill the orc priest!
You howl as the wereblood boils in your veins! 😱 HP[+1]
You barely miss the orc priest.
The orc priest begins to cast a cantrip, but forgets the words!
You punch the orc priest! You freeze the orc priest.
Your quasit closely misses the orc priest.
Your quasit claws the orc priest but does no damage.
Your quasit claws the orc priest.
The orc priest hits your quasit with a +0 hand axe.
The orc priest hits you with a +0 hand axe.
* * * LOW HITPOINT WARNING * * *
😱 HP[-1]
You take 1 damage, and now have 6/67 hp.
Unknown command.
You barely miss the orc priest.
Your quasit barely misses the orc priest.
Your quasit claws the orc priest but does no damage. x2
The orc priest invokes the aid of Beogh against you.
Beogh smites you!
You die...

Skill      XL: |  1  2  3  4  5  6  7  8 |
---------------+-------------------------+-----
Transmutations | 2 3 4 5 7 |  7.2
Unarmed Combat | 3 4 5 |  5.6
Poison Magic   | 1 |  1.5
Spellcasting   | 3 |  3.0
Ice Magic      | 2 3 5 |  5.0
Fighting       | |  1.0
Dodging        | |  1.7

Action                   |  1- 3 |  4- 6 |  7- 9 || total
-------------------------+-------+-------+-------++-------
Melee: Unarmed           |   115 |   121 |   179 ||   415
       Kick              |    20 |     7 |     4 ||    31
       Headbutt          |    12 |     2 |     1 ||    15
       Punch             |     4 |     1 |       ||     5
 Cast: Beastly Appendage |    23 |    14 |     2 ||    39
       Spider Form       |     4 |     9 |     8 ||    21
       Wereblood         |     1 |       |     3 ||     4
       Ice Form          |       |       |    13 ||    13
  Use: Scroll            |     1 |       |    10 ||    11
       Potion            |       |       |     1 ||     1
 Stab: Sleeping          |     2 |       |     1 ||     3
Armor: Robe              |    11 |    10 |     8 ||    29
       Skin              |     5 |     6 |    72 ||    83
Dodge: Dodged            |   111 |   107 |   152 ||   370

Levels and vault maps discovered:
D:1:      ebering_trefoil_twist, layout_basic,
          shapermc_ecumenical_altar_mp_ritualfount, minivault_25
D:2:      minmay_skewed_foursquare, layout_basic, uniq_terence
D:3:      layout_rooms, nemelex_xobeh_ov_fountains_minmay,
          okawaru_metal_pillars_1_2, mainiacjoe_overflow_24_doors,
          kennysheep_generic_room_9
D:4:      layout_loops_cross, serial_shops, shop, kennysheep_mini,
          nicolae_shop_hallway_plus, uniq_edmund, uniq_eustachio
D:5:      layout_rooms, temple_pool_b, kennysheep_another_room,
          kennysheep_generic_room_7, uniq_crazy_yiuf_cottage
D:6:      layout_loops_ring, kennysheep_vampire_church,
          nicolae_ossuary_entry_ruins, gammafunk_ghost_gnarly_gnolls,
          nicolae_kite_square_tiling_tiny
Temple:   nicolae_temple_cloud_nine

Notes
Turn   | Place    | Note
-------+----------+-------------------------------------------
     0 | D:1      | kae the Demonspawn Transmuter began the quest for the Orb.
     0 | D:1      | Reached XP level 1. HP: 15/15 MP: 3/3
     0 | D:1      | magus.rc [v1.11.3]
    71 | D:1      | Reached skill level 2 in Transmutations
   120 | D:1      | Gained mutation: A weak demonic guardian rushes to your
                  | aid. [demonic ancestry]
   120 | D:1      | Reached XP level 2. HP: 10/21 MP: 3/5
   365 | D:1      | Found a faded altar of an unknown god.
   519 | D:1      | Reached skill level 3 in Unarmed Combat
   740 | D:1      | Reached XP level 3. HP: 26/26 MP: 6/6
   751 | D:1      | Learned a level 2 spell: Wereblood
   755 | D:1      | Learned a level 3 spell: Spider Form
  1071 | D:2      | HP: 4/26 [gnoll/+0 halberd (5)]
  1473 | D:1      | Reached skill level 3 in Transmutations
  1473 | D:1      | Reached skill level 1 in Poison Magic
  1473 | D:1      | Reached XP level 4. HP: 31/32 MP: 4/7
  1834 | D:2      | Noticed Terence
  1845 | D:2      | Killed Terence
  1847 | D:2      | HP: 8/32 [adder (3)]
  2018 | D:3      | You pick up a book of Debilitation and begin reading...
  2018 | D:3      | You add the spells Slow, Vampiric Draining and Confusing
                  | Touch to your library.
  2112 | D:3      | Gained mutation: You are partially covered in sharp spines.
                  | [demonic ancestry]
  2112 | D:3      | Reached XP level 5. HP: 14/37 MP: 3/9
  2218 | D:3      | Found an iron altar of Okawaru.
  2224 | D:3      | You add the spells Kindle Blastsparks, Ignite Poison and
                  | Freezing Cloud to your library.
  2349 | D:3      | Found a sparkling altar of Nemelex Xobeh.
  2398 | D:3      | Found a stormy altar of Qazlal.
  2714 | D:4      | Noticed Eustachio
  2739 | D:4      | Killed Eustachio
  2740 | D:4      | Reached skill level 3 in Spellcasting
  2740 | D:4      | Reached skill level 4 in Transmutations
  2740 | D:4      | Gained mutation: You are partially covered in rugged brown
                  | scales. (AC +1, +3% HP) [demonic ancestry]
  2740 | D:4      | Reached XP level 6. HP: 35/44 MP: 8/10
  2788 | D:4      | Found Tuitain's Armour Boutique.
  2794 | D:4      | Learned a level 4 spell: Ice Form
  2950 | D:4      | Noticed Edmund
  2973 | D:4      | Killed Edmund
  2974 | D:4      | Reached skill level 4 in Unarmed Combat
  2974 | D:4      | Reached skill level 1 in Ice Magic
  3080 | D:4      | Found Piacsy's Weapon Shoppe.
  3223 | D:4      | Reached skill level 2 in Ice Magic
  3223 | D:4      | Gained mutation: You are mostly covered in rugged brown
                  | scales. (AC +2, +5% HP) [demonic ancestry]
  3223 | D:4      | Reached XP level 7. HP: 44/50 MP: 7/11
  3269 | D:4      | Reached skill level 5 in Transmutations
  3412 | D:4      | Found Aluylag's Antique Armour Shop.
  3633 | D:5      | Entered Level 5 of the Dungeon
  3798 | D:5      | Reached skill level 3 in Ice Magic
  4159 | D:4      | HP: 15/75 [ice beast (5)]
  4167 | D:4      | Reached XP level 8. HP: 20/56 MP: 9/12
  4605 | D:5      | Reached skill level 6 in Transmutations
  4718 | D:5      | Reached skill level 4 in Ice Magic
  4719 | D:5      | Found a staircase to the Ecumenical Temple.
  4736 | D:5      | Reached skill level 5 in Unarmed Combat
  4744 | Temple   | Entered the Ecumenical Temple
  4929 | D:5      | Found a runed translucent door.
  4930 | D:5      | Noticed Crazy Yiuf
  4937 | D:5      | Killed Crazy Yiuf
  5280 | D:5      | HP: 16/67 [gnoll/+0 flail[a gnoll bouda] (4)]
  5437 | D:5      | HP: 14/67 [orc priest/+0 morningstar (9)]
  5439 | D:5      | HP: 3/67 [gnoll/+0 spear[a gnoll bouda] (5)]
  5641 | D:5      | Reached skill level 5 in Ice Magic
  5836 | D:6      | Reached skill level 7 in Transmutations
  5925 | D:6      | HP: 14/67 [orc priest/divine providence (14)]
  5929 | D:6      | HP: 6/67 [orc priest/nerve-wracking pain (10)]
  5933 | D:6      | Killed from afar by an orc priest

Vanquished Creatures
  Eustachio (D:4)
  Edmund (D:4)
  A water moccasin (D:5)
  2 ogres
  2 ice beasts
  2 phantoms (D:5)
  A necrophage (D:4)
  2 scorpions
  A howler monkey (D:4)
  4 hounds (D:5)
  A gnoll bouda (D:6)
  6 orc priests
  Crazy Yiuf (D:5)
  An iguana (D:6)
  2 orc wizards (D:5)
  Terence (D:2)
  7 gnolls
  3 adders
  A shadow imp (D:4)
  A white imp (D:6)
  4 dart slugs
  17 orcs
  6 ball pythons
  10 endoplasms
  4 giant cockroaches
  6 goblins
  11 hobgoblins
  3 jackals (D:1)
  7 quokkas
  5 bats
  3 frilled lizards
  8 kobolds
  6 rats
131 creatures vanquished.

Vanquished Creatures (collateral kills)
  2 adders
  An orc (D:4)
  A bat (D:2)
4 creatures vanquished.

Grand Total: 135 creatures vanquished

Table legend:
 A = Non-vault XP
 B = Vault XP
 C = Vault XP percentage of total XP
 D = Non-vault monster count
 E = Vault monster count
 F = Vault count percentage of total count
                 A         B        C        D         E       F
            +---------+---------+-------+---------+---------+-------
      Total |    1959 |     582 |  22.9 |     126 |       9 |   6.7
            +---------+---------+-------+---------+---------+-------
        D:1 |      79 |       0 |   0.0 |      32 |       0 |   0.0
        D:2 |      50 |      49 |  49.5 |      17 |       5 |  22.7
        D:3 |      44 |       0 |   0.0 |      16 |       0 |   0.0
        D:4 |     379 |     493 |  56.5 |      21 |       3 |  12.5
        D:5 |    1073 |      40 |   3.6 |      24 |       1 |   4.0
        D:6 |     334 |       0 |   0.0 |      16 |       0 |   0.0
            +---------+---------+-------+---------+---------+-------

Illustrated notes

Table legend:
 A = Kills in this place as a percentage of kills in entire the game.
 B = Kills by you in this place as a percentage of kills by you in the entire game.
 C = Kills by friends in this place as a percentage of kills by friends in the entire game.
 D = Other kills in this place as a percentage of other kills in the entire game.
 E = Experience gained in this place as a percentage of experience gained in the entire game.
 F = Experience gained in this place divided by the number of levels of this place that you have seen.
                   A       B       C       D       E      F
               +-------+-------+-------+-------+-------+----------------------
         Total | 100.0 | 100.0 | 100.0 |   N/A | 100.0 | 363.0
       Dungeon | 100.0 | 100.0 | 100.0 |   N/A | 100.0 | 423.5
               +-------+-------+-------+-------+-------+----------------------

Table legend: (Time is in decaauts)
 A = Elapsed time spent in this place.
 B = Non-inter-level travel time spent in this place.
 C = Inter-level travel time spent in this place.
 D = Time resting spent in this place.
 E = Time spent auto-exploring this place.
 F = Levels seen in this place.
 G = Mean time per level.
                   A        B        C        D        E       F      G
               +--------+--------+--------+--------+--------+-----+--------+
         Total |   5919 |   5706 |    213 |    750 |   3776 |   7 |  845.6 |
       Dungeon |   5552 |   5339 |    213 |    668 |   3526 |   6 |  925.3 |
        Temple |    367 |    367 |      0 |     82 |    250 |   1 |  367.0 |
               +--------+--------+--------+--------+--------+-----+--------+

Top non-repeatable levels by time:
     D:4: 1378 daAuts
     D:5: 1357 daAuts
     D:1: 1259 daAuts
     D:2: 738 daAuts
     D:3: 684 daAuts
  Temple: 367 daAuts
     D:6: 134 daAuts
